 Dungeon Crawl Stone Soup version 0.23.2 (webtiles) character file.

Game seed: 10294303291457840845

38 Jukra the Skirmisher (level 3, -1/33 HPs)
             Began as a Minotaur Abyssal Knight on Apr 7, 2019.
             Was a Follower of Lugonu.
             Slain by a jackal (2 damage)
             ... on level 2 of the Dungeon.
             The game lasted 00:02:48 (966 turns).

Jukra the Skirmisher (Minotaur Abyssal Knight)       Turns: 966, Time: 00:02:49

Health: -1/33      AC:  3    Str: 17    XL:     3   Next: 25%
Magic:  3/3        EV: 11    Int:  9    God:    Lugonu [*.....]
Gold:   29         SH:  0    Dex:  9    Spells: 2/2 levels left

rFire    . . .     SeeInvis .   a - +1 falchion
rCold    . . .     Gourm    .   (no shield)
rNeg     . . .     Faith    .   b - +0 leather armour
rPois    .         Spirit   .   (helmet restricted)
rElec    .         Reflect  .   (no cloak)
rCorr    .         Harm     .   (no gloves)
MR       .....                  (no boots)
Stlth    +.........             (no amulet)
HPRegen  0.11/turn              (no ring)
MPRegen  0.08/turn              (no ring)

@: no status effects
A: retaliatory headbutt, horns 2
a: Depart the Abyss, Renounce Religion


You were on level 2 of the Dungeon.
You worshipped Lugonu.
Lugonu was aware of your devotion.
You were not hungry.

You visited 1 branch of the dungeon, and saw 2 of its levels.
You visited the Abyss 1 time.

You collected 29 gold pieces.

Inventory:

Hand Weapons
 a - a +1 falchion (weapon)
Armour
 b - a +0 leather armour (worn)
Scrolls
 d - a scroll of immolation {unknown}
 e - a scroll of remove curse {unknown}
 g - 3 scrolls of blinking {unknown}
 h - a scroll of amnesia {unknown}
 i - a scroll of fog {unknown}
 j - a scroll of identify {unknown}
Potions
 f - 3 potions of agility {unknown}
Comestibles
 c - a ration


   Skills:
 + Level 4.2 Fighting
 * Level 3.0 Long Blades
 * Level 2.9 Armour
 * Level 1.5 Dodging
 * Level 0.2 Spellcasting
 * Level 2.0 Invocations


You had 2 spell levels left.
You didn't know any spells.
Your spell library was empty.

Dungeon Overview and Level Annotations

Branches:
Dungeon (2/15)

Altars:


Innate Abilities, Weirdness & Mutations

You reflexively headbutt those who attack you in melee.
You have a pair of horns on your head.


Message History

The jackal closely misses you.
You completely miss the jackal. Your headbutt misses the jackal.
The jackal bites you but does no damage. x2
The jackal closely misses you. You furiously retaliate!
You headbutt the jackal.
You riposte.
You hit the jackal but do no damage.
The jackal is severely wounded.
You closely miss the jackal. The jackal bites you.
* * * LOW HITPOINT WARNING * * *
The jackal barely misses you. The hobgoblin hits you.
* * * LOW HITPOINT WARNING * * *
The jackal bites you but does no damage.
The jackal bites you.
* * * LOW HITPOINT WARNING * * *
You hit the jackal.
The jackal is lightly wounded.
The jackal bites you.
* * * LOW HITPOINT WARNING * * *
The hobgoblin hits you but does no damage.
The jackal completely misses you. The jackal bites you.
You die...

#.#.######.#.#
#.#..........#
#####....)####.###
#.†.........##.#
...######<#.##.#
........#.#.##.#
..†####.#.#.##.#####
#.##
#....#.##(#(h(######
#..#
#....(....(@hr......
##.#
#.####.#####g#######
...# #.# #.# ≈.≈.
...# #.# #.# g≈.≈##
##.###.####.# ##≈.≈.
#...†.......# g≈.≈##
######.###### #≈.≈.
#.# o≈.≈# #.#


You could see a quokka, 2 jackals and a hobgoblin.

Vanquished Creatures
  A gnoll (D:2)
  A dart slug (D:1)
  A worm (D:2)
  A leopard gecko (D:1)
  An orc (D:2)
  A giant cockroach (D:1)
  2 goblins
  5 hobgoblins
  4 bats
  3 kobolds (D:1)
  2 rats (D:1)
22 creatures vanquished.

Notes
Turn   | Place    | Note
-------+----------+-------------------------------------------
     0 | Abyss:1  | Jukra the Minotaur Abyssal Knight began the quest for the
                  | Orb.
     0 | Abyss:1  | Reached XP level 1. HP: 19/19 MP: 1/1
   103 | Abyss:1  | Noticed a raiju
   104 | D:1      | Escaped the Abyss
   352 | D:1      | Reached XP level 2. HP: 21/27 MP: 2/2
   616 | D:1      | Reached skill level 4 in Fighting
   811 | D:1      | Reached * piety under Lugonu
   962 | D:2      | Reached XP level 3. HP: 10/33 MP: 3/3
   966 | D:2      | HP: 1/33 [jackal (2)]
   966 | D:2      | Slain by a jackal

Skill      XL: |  1  2 |
---------------+-------+-----
Fighting       | 4 |  4.2
Long Blades    | 3 |  3.0
Invocations    | 2 |  2.0
Armour         | |  2.9
Dodging        | |  1.5
Spellcasting   | |  0.2

Action                   || total
-------------------------++-------
Melee: Falchion          ||    49
       Headbutt          ||     7
Invok: Depart the Abyss  ||     1
Armor: Leather armour    ||    21
Dodge: Dodged            ||    48
       Rpst.: Falchion   ||    13
